 Dungeon Crawl Stone Soup version 0.23.0-33-g5e6c059 (webtiles) character file.

Game seed: 3807341823238143287

4624 elfaar the Cleaver (level 10, -1/81 HPs)
             Began as a Minotaur Berserker on Feb 26, 2019.
             Was a High Priest of Trog.
             Slain by an unseen horror (7 damage)
             ... on level 8 of the Dungeon.
             The game lasted 00:57:58 (7459 turns).

elfaar the Cleaver (Minotaur Berserker)             Turns: 7459, Time: 00:57:58

Health: -1/81      AC: 12    Str: 28    XL:     10   Next: 19%
Magic:  9/9        EV: 10    Int:  4    God:    Trog [*****.]
Gold:   569        SH:  0    Dex: 10    Spells: 9/9 levels left

rFire    . . .     SeeInvis .   O - +5 war axe
rCold    . . .     Gourm    .   (no shield)
rNeg     . . .     Faith    .   G - +1 chain mail of Jumo Wao {rElec Str+3} (curse)
rPois    +         Spirit   .   (helmet restricted)
rElec    +         Reflect  .   (no cloak)
rCorr    .         Harm     .   (no gloves)
MR       .....                  (no boots)
Stlth    ..........             (no amulet)
HPRegen  0.23/turn              n - ring of poison resistance
MPRegen  0.11/turn              (no ring)

@: about to teleport
A: retaliatory headbutt, horns 2, talons 1, frail 1
a: Berserk, Trog's Hand, Brothers in Arms, Renounce Religion


You were on level 8 of the Dungeon.
You worshipped Trog.
Trog was extremely pleased with you.
You were not hungry.

You visited 2 branches of the dungeon, and saw 9 of its levels.
You also visited: Sewer and Ossuary.

You collected 569 gold pieces.

Inventory:

Hand Weapons
 a - a +1 hand axe of pain
 m - a +2 short sword of flaming
 u - a +1 broad axe
 y - a +0 falchion of holy wrath
 J - a +2 spear of venom
 M - a +1 antimagic hand axe
 O - a +5 war axe (weapon)
Missiles
 l - 238 stones
 s - 5 tomahawks (quivered)
 v - 7 javelins
 K - 7 javelins of returning
 N - 3 tomahawks of dispersal
 S - 2 steel javelins
Armour
 t - a +1 plate armour
 G - the cursed +1 chain mail of Jumo Wao (worn) {rElec Str+3}
   (You found it on level 5 of the Dungeon)

   It affects your strength (+3).
   It insulates you from electricity.
   It has a curse placed upon it.
Jewellery
 n - a ring of poison resistance (left hand)
Wands
 o - a wand of disintegration (13)
 p - a wand of acid (7)
 D - a wand of random effects (39)
 P - a wand of paralysis (8)
 Q - a wand of clouds (5)
Scrolls
 d - 3 scrolls of teleportation
 g - 7 scrolls of remove curse
 j - a scroll of fear
 x - a scroll of blinking
 z - 4 scrolls of identify
 F - a scroll of enchant armour
Potions
 b - a potion of brilliance {unknown}
 e - 2 potions of berserk rage
 h - a potion of haste {unknown}
 i - 2 potions of flight
 q - 4 potions of cancellation
 r - 2 potions of invisibility
 w - 11 potions of curing
 B - a potion of heal wounds
 C - 2 potions of resistance
 E - 4 potions of lignification
 H - a potion of ambrosia
 L - a potion of mutation
 R - a potion of agility {unknown}
Comestibles
 c - 12 rations
 I - 9 chunks of flesh


   Skills:
 + Level 8.9 Fighting
 + Level 12.8 Axes
 + Level 0.9 Throwing
 + Level 9.0 Armour
 + Level 3.7 Dodging
 + Level 1.0 Stealth


You had 9 spell levels left.
You didn't know any spells.
Your spell library was empty.

Dungeon Overview and Level Annotations

Branches:
Dungeon (8/15)             Temple (1/1) D:4
   Lair: D:8-11

Altars:
Ashenzari
Cheibriados
Dithmenos
Elyvilon
Fedhas
Gozag
Hepliaklqana
Kikubaaqudgha
Makhleb
Nemelex Xobeh
Okawaru
Qazlal
Ru
Sif Muna
Trog
Vehumet
Wu Jian
Xom
Yredelemnul
Zin
The Shining One

Annotations:
D:5 2 transporters, exclusions: downstairs and 2 more exclusions


Innate Abilities, Weirdness & Mutations

You reflexively headbutt those who attack you in melee.
You have a pair of horns on your head.
You have sharp toenails.
You are frail. (-10% HP)


Message History

You slash something! Your kick misses something.
Something hits you but does no damage.
Something hits you but does no damage. x2
You slash something! You claw something. Something hits you.
Something hits you!
* * * LOW HITPOINT WARNING * * *
Something hits you but does no damage.
There is an open door, spattered with blood here.
Something hits you.
* * * LOW HITPOINT WARNING * * *
Something hits you.
* * * LOW HITPOINT WARNING * * *
Something hits you!
* * * LOW HITPOINT WARNING * * *
As you read the scroll of teleportation, it crumbles to dust.
You feel strangely unstable. Something hits you but does no damage.
Something hits you.
* * * LOW HITPOINT WARNING * * *
You closely miss something. You claw something. Something hits you!
You die...

...#.#.###.....##...
...$......)...........
.##...##.#..##.#####...#
..........#..#....# #....
#..#.........####.###....
........####.####........
...................#####.
...#....####.##.....####.
........@..(.............
..#.....{.#.##'##..####.
#....#####..........
+....'...............
....
#....###.............
.... #....#
#............. .....
#....# #....###....##
#.... ###..# #....# .....
#..... #..###....# #....


There were no monsters in sight!

Vanquished Creatures
  An oklob plant (D:7)
  A wraith (D:6)
  Menkaure (Ossuary)
  A water moccasin (D:6)
  A sky beast (D:6)
  An ice beast (D:6)
  A black bear (D:6)
  An orc warrior (D:6)
  2 ogres
  4 centaurs
  A crocodile (Sewer)
  A gnoll sergeant (D:6)
  2 bullfrogs (D:6)
  An elf skeleton (D:5)
  A troll zombie (Ossuary)
  A scorpion (D:5)
  2 killer bees (D:8)
  3 wights (D:7)
  3 howler monkeys
  5 crimson imps
  3 centaur zombies
  A human zombie (D:5)
  5 jellies
  3 hounds
  4 orc priests
  3 bullfrog skeletons
  A bullfrog zombie (D:7)
  An iron imp (D:8)
  A human skeleton (D:5)
  An iguana (D:7)
  5 orc wizards
  5 worker ants
  2 ogre zombies (Ossuary)
  2 hound skeletons
  7 mummies
  A howler monkey skeleton (D:4)
  12 adders
  11 gnolls
  A river rat (D:6)
  2 shadow imps (D:6)
  17 oozes
  An adder skeleton (D:6)
  4 adder zombies
  4 worms
  4 dart slugs
  3 leopard geckos
  39 orcs
  A ball python (D:6)
  4 giant cockroaches
  15 goblins
  6 hobgoblins
  5 kobolds
  2 quokkas
  10 bats
  4 frilled lizards
  2 gnoll zombies (Ossuary)
  2 goblin zombies (Ossuary)
  4 hobgoblin zombies
  7 kobold zombies (Ossuary)
  A leopard gecko skeleton (D:4)
  An orc skeleton (D:5)
  6 orc zombies
  A quokka skeleton (D:7)
  4 quokka zombies (Ossuary)
  13 rats
  2 rat zombies (Ossuary)
  A fungus (D:7)
268 creatures vanquished.

Vanquished Creatures (collateral kills)
  A two-headed ogre (D:8)
  A troll (D:8)
  A killer bee (D:8)
3 creatures vanquished.

Vanquished Creatures (others)
  A fungus (D:7)
1 creature vanquished.

Grand Total: 272 creatures vanquished

Notes
Turn   | Place    | Note
-------+----------+-------------------------------------------
     0 | D:1      | elfaar the Minotaur Berserker began the quest for the Orb.
     0 | D:1      | Reached XP level 1. HP: 19/19 MP: 0/0
     2 | D:1      | Noticed an electric eel
    24 | D:1      | Reached skill level 4 in Axes
    24 | D:1      | Reached XP level 2. HP: 26/27 MP: 1/1
   520 | D:1      | Reached XP level 3. HP: 33/33 MP: 2/2
  1026 | D:2      | Reached ** piety under Trog
  1196 | D:2      | Found an iron altar of Okawaru.
  1213 | D:2      | Reached XP level 4. HP: 18/41 MP: 3/3
  1828 | D:3      | Reached skill level 5 in Axes
  2249 | D:3      | Reached XP level 5. HP: 47/47 MP: 4/4
  2484 | D:3      | Found an ornate altar of the Wu Jian Council.
  2484 | D:3      | Found a shimmering altar of Xom.
  2562 | D:3      | Reached skill level 5 in Fighting
  2840 | D:4      | Found a staircase to the Ecumenical Temple.
  2862 | D:4      | Reached *** piety under Trog
  2862 | D:4      | Reached skill level 6 in Axes
  2869 | D:4      | Reached XP level 6. HP: 45/56 MP: 5/5
  2880 | Temple   | Entered the Ecumenical Temple
  3259 | D:4      | Found a glowing golden altar of the Shining One.
  3259 | D:4      | Found a white marble altar of Elyvilon.
  3259 | D:4      | Found a glowing silver altar of Zin.
  3322 | D:4      | Found a blossoming altar of Fedhas.
  3585 | D:5      | Entered Level 5 of the Dungeon
  3587 | D:5      | Found a transporter.
  3595 | D:5      | Reached skill level 5 in Armour
  3602 | D:5      | Reached XP level 7. HP: 47/62 MP: 6/6
  3625 | D:5      | Noticed an efreet
  3627 | D:5      | Found a transporter.
  3640 | D:5      | Found a shattered altar of Ashenzari.
  3678 | D:5      | Reached skill level 7 in Axes
  3865 | D:5      | Found a sand-covered staircase.
  3875 | Ossuary  | Entered an ossuary
  3942 | Ossuary  | Reached skill level 8 in Axes
  4291 | Ossuary  | Reached **** piety under Trog
  4460 | Ossuary  | Noticed Menkaure
  4470 | Ossuary  | Killed Menkaure
  4470 | Ossuary  | Reached XP level 8. HP: 56/71 MP: 7/7
  4696 | D:5      | Reached skill level 9 in Axes
  4702 | D:5      | Got a heavily runed chain mail
  4713 | D:5      | Identified the cursed +1 chain mail of Jumo Wao {rElec
                  | Str+3} (You found it on level 5 of the Dungeon)
  4819 | D:5      | Found a stormy altar of Qazlal.
  5020 | D:5      | Reached skill level 10 in Axes
  5323 | D:6      | Reached XP level 9. HP: 39/79 MP: 8/8
  5588 | D:6      | Reached skill level 11 in Axes
  5627 | D:6      | Found a glowing drain.
  5638 | D:6      | Reached ***** piety under Trog
  5655 | Sewer    | Entered a sewer
  5695 | Sewer    | Reached skill level 1 in Stealth
  5838 | D:6      | Received a gift from Trog
  6186 | D:6      | Noticed a moth of wrath
  6189 | D:6      | Found a bloodstained altar of Trog.
  6502 | D:7      | Gained mutation: You are frail. (-10% HP) [potion of
                  | mutation]
  6502 | D:7      | Gained mutation: You have sharp toenails. [potion of
                  | mutation]
  6511 | D:7      | Found an ancient bone altar of Kikubaaqudgha.
  7129 | D:7      | Noticed an oklob plant
  7139 | D:7      | Received a gift from Trog
  7155 | D:7      | Killed an oklob plant
  7155 | D:7      | Reached skill level 12 in Axes
  7248 | D:8      | Reached XP level 10. HP: 44/81 MP: 9/9
  7309 | D:8      | Noticed a two-headed ogre
  7327 | D:8      | Killed a two-headed ogre
  7364 | D:8      | Found a snail-covered altar of Cheibriados.
  7459 | D:8      | Slain by an unseen horror

Skill      XL: |  1  2  3  4  5  6  7  8  9 10 |
---------------+-------------------------------+-----
Axes           | 4 5 6 8 10 12 | 12.8
Fighting       | 4 5 6 7 8 |  8.9
Armour         | 3 5 6 7 8 9 |  9.0
Dodging        | 3 |  3.7
Stealth        | 1 |  1.0
Throwing       | |  0.9

Action                   |  1- 3 |  4- 6 |  7- 9 | 10-12 || total
-------------------------+-------+-------+-------+-------++-------
Melee: Hand axe          |    73 |   157 |   289 |       ||   519
       Headbutt          |    10 |    22 |   101 |     7 ||   140
       Broad axe         |       |       |   102 |       ||   102
       War axe           |       |       |    39 |    28 ||    67
       Kick              |       |       |    16 |     7 ||    23
Throw: Stone             |       |     8 |       |       ||     8
       Tomahawk          |       |       |     5 |       ||     5
Invok: Berserk           |     2 |     4 |     4 |       ||    10
       Trog's Hand       |       |       |     1 |       ||     1
       Brothers in Arms  |       |       |       |     1 ||     1
  Use: Scroll            |     1 |     9 |    13 |     1 ||    24
       Potion            |       |       |     3 |     1 ||     4
  Eat: Chunk             |     2 |    12 |    13 |     1 ||    28
       Ration            |       |       |     1 |       ||     1
Armor: Chain mail        |    42 |    23 |   122 |    28 ||   215
       Animal skin       |     2 |       |       |       ||     2
       Plate armour      |       |    65 |    75 |       ||   140
Dodge: Dodged            |    29 |    51 |   166 |    14 ||   260
